 Dungeon Crawl Stone Soup version 0.29-a0-251-g80730f7218 (webtiles) character file.

Game seed: 9187541530909080081

3028 dolemite99 the Magician (level 9, 0/99 HPs)
             Began as a Gnoll Earth Elementalist on Mar 5, 2022.
             Was an Elder of Cheibriados.
             Killed from afar by an orc wizard (3 damage)
             ... with a puff of flame
             ... on level 7 of the Dungeon.
             The game lasted 00:10:16 (8952 turns).

dolemite99 the Magician (Gnoll Earth Elementalist)  Turns: 8952, Time: 00:10:17

Health: 0/99       AC: 10    Str: 16    XL:     9   Next: 85%
Magic:  13/19      EV: 16    Int: 27    God:    Cheibriados [****..]
Gold:   188        SH:  0    Dex: 23    Spells: 6/21 levels left

rFire   . . .      SeeInvis .   p - +2 war axe (elec)
rCold   . . .      Faith    .   (no shield)
rNeg    . . .      Spirit   .   H - +0 leather armour
rPois   .          Reflect  .   G - +0 helmet
rElec   .          Harm     .   w - +0 cloak
rCorr   .          Rampage  .   (no gloves)
Will    .....                   (no boots)
Stlth   ..........              (no amulet)
HPRegen 0.26/turn               l - +4 ring of protection {=R}
MPRegen 0.16/turn               R - ring of wizardry

@: berserking, very slow
A: fangs 1, strong nose, distributed training
a: Renounce Religion, Bend Time, Temporal Distortion, Slouch


You were on level 7 of the Dungeon.
You worshipped Cheibriados.
Cheibriados was greatly pleased with you.
You visited 2 branches of the dungeon, and saw 8 of its levels.

You collected 255 gold pieces.
You spent 67 gold pieces at shops.

Inventory:

Hand Weapons
 c - a +0 whip
 h - a +0 dagger
 j - a +0 spear
 m - a +0 hand axe
 p - a +2 war axe of electrocution (weapon)
 s - a +2 short sword of protection
 y - a +0 flail of protection
 K - a +3 flail of protection
 T - a +0 arbalest
Missiles
 a - 104 stones
 M - 2 curare-tipped darts
 N - 8 poisoned darts
Armour
 b - a +0 robe
 q - a +0 buckler
 w - a +0 cloak (worn)
 F - a +3 scale mail
 G - a +0 helmet (worn)
 H - a +0 leather armour (worn)
Jewellery
 l - a +4 ring of protection (left hand) {=R}
 u - a ring of protection from cold
 C - a ring of willpower
 E - a ring of protection from cold
 J - a ring of poison resistance
 O - a ring of resist corrosion
 R - a ring of wizardry (right hand)
Wands
 t - a wand of polymorph (16)
 v - a wand of charming (8)
 I - a wand of digging (8)
 L - a wand of flame (15)
Scrolls
 e - 10 scrolls of identify {unknown}
 g - 2 scrolls of teleportation
 i - a scroll of enchant armour {unknown}
 k - 3 scrolls of noise {unknown}
 n - 3 scrolls of vulnerability {unknown}
 o - 2 scrolls of fog {unknown}
 r - 2 scrolls of summoning {unknown}
 D - a scroll of blinking {unknown}
Potions
 d - 2 potions of ambrosia {unknown}
 x - a potion of heal wounds {unknown}
 z - a potion of attraction {unknown}
 A - a potion of magic {unknown}
 B - a potion of might {unknown}
 P - 2 potions of invisibility {unknown}
 Q - a potion of degeneration {unknown}
 S - a potion of brilliance {unknown}


   Skills:
 + Level 4.6 Fighting
 + Level 4.6 Short Blades
 + Level 4.6 Long Blades
 + Level 4.6 Axes
 + Level 4.6 Maces & Flails
 + Level 4.6 Polearms
 + Level 4.6 Staves
 + Level 4.6 Slings
 + Level 4.6 Bows
 + Level 4.6 Crossbows
 + Level 4.6 Throwing
 + Level 4.6 Armour
 + Level 6.6 Dodging
 + Level 6.3 Stealth
 + Level 4.6 Shields
 + Level 4.6 Unarmed Combat
 + Level 6.9 Spellcasting
 + Level 3.8 Conjurations
 + Level 3.8 Hexes
 + Level 3.8 Summonings
 + Level 3.8 Necromancy
 + Level 3.8 Translocations
 + Level 4.4 Transmutations
 + Level 3.8 Fire Magic
 + Level 3.8 Ice Magic
 + Level 3.8 Air Magic
 + Level 6.7 Earth Magic
 + Level 3.8 Poison Magic
 + Level 5.1 Invocations
 + Level 4.6 Evocations


You had 6 spell levels left.
You knew the following spells:

 Your Spells              Type           Power      Damage    Failure   Level
a - Sandblast             Erth           90%        2d19      1%          1
b - Stone Arrow           Conj/Erth      76%        3d11      1%          3
c - Mephitic Cloud        Conj/Pois/Air  30%        N/A       1%          3
d - Passwall              Tmut/Erth      32%        N/A       1%          2
e - Poisonous Vapours     Pois/Air       60%        N/A       1%          2
f - Frozen Ramparts       Ice            60%        1d8       1%          3
g - Animate Skeleton      Necr           60%        N/A       1%          1

Your spell library contained the following spells:

 Spells                   Type           Power      Damage    Failure   Level
 Freeze                   Ice            100%       1d11      1%          1
 Pain                     Necr           100%       1d9       1%          1
 Sting                    Tmut/Pois      100%       1d8       1%          1
 Corpse Rot               Necr/Air       60%        N/A       1%          2
 Call Canine Familiar     Summ           30%        N/A       1%          3
 Ignite Poison            Fire/Tmut/Pois 31%        N/A       1%          3
 Portal Projectile        Hex/Tloc       60%        N/A       1%          3
 Vampiric Draining        Necr           30%        2d8       1%          3
 Petrify                  Tmut/Erth      39%        N/A       2%          4
 Leda's Liquefaction      Hex/Erth       19%        N/A       3%          4
 Hailstorm                Conj/Ice       30%        3d8       6%          4
 Freezing Cloud           Conj/Ice/Air   15%        6-21      16%         5


Dungeon Overview and Level Annotations

Branches:
Dungeon (7/15)             Temple (1/1) D:5

Altars:
Cheibriados
Elyvilon
Fedhas
Hepliaklqana
Yredelemnul
The Shining One

Shops:
D:3 (

Annotations:
D:7 Harold, Maggie


Innate Abilities, Weirdness & Mutations

You have very sharp teeth.
Your uncanny sense of smell can sniff out nearby items.
Your experience applies equally to all skills.


Message History

Something hits you.
You're too confused to move!
Something hits you.
The orc priest invokes the aid of Beogh against you.
Pain shoots through your body!
You hear some strange, mumbled words.
A magic dart appears from out of thin air!
The magic dart hits you but does no damage.
You feel less confused.
The orc priest invokes the aid of Beogh against you.
Beogh smites you!
* * * LOW HITPOINT WARNING * * *
The orc priest mumbles some strange prayers to Beogh against you.
Beogh smites you!
* * * LOW HITPOINT WARNING * * *
Casting: Sandblast (safe; 1% risk of failure)
Confirm with . or Enter, or press ? or * to list all spells.
Aiming: Sandblast (safe; 1% risk of failure)
Press: ? - help, Shift-Dir - straight line, f/p - orc priest
Aim: an orc priest, wielding a +2 dagger of protection and wearing a +0 chain mail (moderately wounded, 87% to hit)
The blast of sand hits the orc priest!
The orc priest is severely wounded.
a - 104 stones A red film seems to cover your vision as you go berserk!
Cheibriados forces you to slow down.
You feel mighty!
The orc shouts!
You slash the orc warrior!
Lightning courses through the orc warrior!
You kill the orc warrior!
Cheibriados thoroughly appreciates the change of pace.
The orc priest looks encouraged for a moment.
Something hits you.
* * * LOW HITPOINT WARNING * * *
Something completely misses you.
The orc priest hits you with a +2 dagger of protection.
* * * LOW HITPOINT WARNING * * *
You hear some strange, mumbled words.
A puff of flame appears from out of thin air!
The puff of flame hits you.
You die...

#..............#........##
.......####....####....<.##
........# #...............#
#.......###.#............##
........##..#...........##
##..........###.##......#
................#..##..##
#...............{.##...#
###...........##@.....##
#...........o.....#
.#.........†.......##
..........>.....o...#
.............###...#####
.........)......##..#..#
.......).......o.#.....#
..........)..###....##.####
.............#
#.#........##


You could see an orc priest and an orc.

Vanquished Creatures
  Joseph (D:7)
  Edmund (D:5)
  2 water moccasins (D:6)
  2 orc warriors (D:7)
  2 sky beasts (D:6)
  A black bear (D:5)
  An ogre (D:6)
  2 centaurs
  2 kobold brigands (D:6)
  Blork the orc (D:4)
  3 bullfrogs (D:7)
  2 scorpions
  12 killer bees (D:6)
  A howler monkey (D:6)
  3 hounds
  A jelly (D:5)
  Ijyb (D:3)
  2 iguanas (D:5)
  Natasha (thrice) (D:2)
  3 orc wizards
  10 gnolls
  6 adders
  A shadow imp (D:6)
  6 worms
  2 dart slugs (D:2)
  28 orcs
  7 ball pythons
  3 endoplasms
  2 giant cockroaches
  4 goblins
  6 hobgoblins
  7 jackals
  4 quokkas
  3 bats
  3 frilled lizards
  12 kobolds
  5 rats
155 creatures vanquished.

Notes
Turn   | Place    | Note
-------+----------+-------------------------------------------
     0 | D:1      | dolemite99 the Gnoll Earth Elementalist began the quest for
                  | the Orb.
     0 | D:1      | Reached XP level 1. HP: 13/13 MP: 6/6
   463 | D:1      | Reached XP level 2. HP: 19/19 MP: 5/7
   525 | D:1      | Found a faded altar of an unknown god.
   533 | D:1      | Got Plato's Reference Book on Transformation
  1078 | D:1      | Prayed at the altar of an unknown god.
  1078 | D:1      | Became a worshipper of Cheibriados the Contemplative
  1078 | D:1      | Reached * piety under Cheibriados
  1106 | D:2      | Reached XP level 3. HP: 25/25 MP: 7/9
  1116 | D:2      | Learned a level 3 spell: Stone Arrow
  1118 | D:2      | Reached skill level 5 in Spellcasting
  1412 | D:2      | Reached skill level 1 in Invocations
  1631 | D:2      | Reached skill level 1 in Fighting
  1631 | D:2      | Reached skill level 1 in Short Blades
  1631 | D:2      | Reached skill level 1 in Long Blades
  1631 | D:2      | Reached skill level 1 in Axes
  1631 | D:2      | Reached skill level 1 in Maces & Flails
  1631 | D:2      | Reached skill level 1 in Polearms
  1631 | D:2      | Reached skill level 1 in Staves
  1631 | D:2      | Reached skill level 1 in Slings
  1631 | D:2      | Reached skill level 1 in Bows
  1631 | D:2      | Reached skill level 1 in Crossbows
  1631 | D:2      | Reached skill level 1 in Throwing
  1631 | D:2      | Reached skill level 1 in Armour
  1631 | D:2      | Reached skill level 1 in Shields
  1631 | D:2      | Reached skill level 1 in Unarmed Combat
  1631 | D:2      | Reached skill level 1 in Evocations
  1790 | D:2      | Reached XP level 4. HP: 32/32 MP: 7/11
  2055 | D:2      | Noticed Natasha
  2071 | D:2      | Killed Natasha
  2072 | D:2      | Reached skill level 1 in Conjurations
  2072 | D:2      | Reached skill level 1 in Hexes
  2072 | D:2      | Reached skill level 1 in Summonings
  2072 | D:2      | Reached skill level 1 in Necromancy
  2072 | D:2      | Reached skill level 1 in Translocations
  2072 | D:2      | Reached skill level 1 in Fire Magic
  2072 | D:2      | Reached skill level 1 in Ice Magic
  2072 | D:2      | Reached skill level 1 in Air Magic
  2072 | D:2      | Reached skill level 1 in Poison Magic
  2532 | D:2      | Noticed Natasha
  2545 | D:2      | Killed Natasha
  2546 | D:2      | Reached XP level 5. HP: 34/37 MP: 9/12
  2596 | D:2      | Noticed Natasha
  2601 | D:2      | Killed Natasha
  2601 | D:2      | Reached ** piety under Cheibriados
  2962 | D:3      | Noticed Ijyb
  2990 | D:3      | Killed Ijyb
  3282 | D:3      | Found a glowing golden altar of the Shining One.
  3395 | D:3      | Found Naenuo's Weapon Shoppe.
  3399 | D:3      | Bought 20 stones for 20 gold pieces
  3399 | D:3      | Bought 23 stones for 23 gold pieces
  3399 | D:3      | Bought 24 stones for 24 gold pieces
  3436 | D:3      | Reached XP level 6. HP: 44/44 MP: 11/13
  4288 | D:4      | Reached skill level 5 in Dodging
  4379 | D:4      | Found a white marble altar of Elyvilon.
  4471 | D:4      | Reached *** piety under Cheibriados
  4581 | D:4      | Noticed Blork the orc
  4584 | D:4      | Killed Blork the orc
  4806 | D:4      | Learned a level 1 spell: Animate Skeleton
  4809 | D:4      | Learned a level 2 spell: Passwall
  4812 | D:4      | Learned a level 2 spell: Poisonous Vapours
  4816 | D:4      | Learned a level 3 spell: Frozen Ramparts
  4820 | D:4      | Learned a level 3 spell: Mephitic Cloud
  5134 | D:5      | Entered Level 5 of the Dungeon
  5219 | D:5      | Reached XP level 7. HP: 50/50 MP: 12/15
  6034 | D:5      | Reached skill level 5 in Stealth
  6209 | D:5      | Noticed Edmund
  6217 | D:5      | Killed Edmund
  6218 | D:5      | Reached XP level 8. HP: 36/57 MP: 7/16
  6404 | D:5      | Found a staircase to the Ecumenical Temple.
  6470 | Temple   | Entered the Ecumenical Temple
  6514 | D:6      | Reached **** piety under Cheibriados
  7063 | D:6      | Reached XP level 9. HP: 24/65 MP: 8/18
  7493 | D:6      | Found a basalt altar of Yredelemnul.
  7504 | D:6      | Identified the +1 leather armour of Irksome Mirth {rN+
                  | Stlth+}
  8152 | D:6      | Found a blossoming altar of Fedhas.
  8297 | D:7      | Noticed Joseph
  8303 | D:7      | Killed Joseph
  8303 | D:7      | Noticed Harold
  8303 | D:7      | Noticed Maggie
  8330 | D:6      | Reached skill level 5 in Invocations
  8948 | D:7      | HP: 2/66 [orc priest/divine providence (14)]
  8952 | D:7      | Killed from afar by an orc wizard

Illustrated notes

Levels and vault maps discovered:
D:1:      psy_arrival_basics, layout_basic, shapermc_ecumenical_altar_rom_forum,
          minmay_misc_feat_pillars
D:2:      layout_rooms, minmay_misc_feat_columns, kennysheep_path_1,
          chequers_serial_rivers_marsh, uniq_natasha
D:3:      layout_loops_ring, lemuel_crystal_altar, serial_shops,
          nicolae_shop_window_shopping, uniq_ijyb
D:4:      layout_basic, elyvilon_altar_3, uniq_blork_the_orc
D:5:      layout_basic, temple_green, uniq_edmund
D:6:      layout_loops_ring, mainiacjoe_overflow_tiny_flanked,
          lemuel_coloured_pillars_altar, corexii_item_surrounded_by_moat
D:7:      layout_cave_pools, minmay_misc_feat_roman, uniq_joseph, uniq_harold,
          uniq_maggie
Temple:   jpeg_temple_clearing

Skill      XL: |  1  2  3  4  5  6  7  8  9 |
---------------+----------------------------+-----
Transmutations | 2 3 4 |  4.4
Spellcasting   | 5 6 |  6.9
Invocations    | 1 2 3 4 5 |  5.1
Fighting       | 1 2 3 4 |  4.6
Short Blades   | 1 2 3 4 |  4.6
Long Blades    | 1 2 3 4 |  4.6
Axes           | 1 2 3 4 |  4.6
Maces & Flails | 1 2 3 4 |  4.6
Polearms       | 1 2 3 4 |  4.6
Staves         | 1 2 3 4 |  4.6
Slings         | 1 2 3 4 |  4.6
Bows           | 1 2 3 4 |  4.6
Crossbows      | 1 2 3 4 |  4.6
Throwing       | 1 2 3 4 |  4.6
Armour         | 1 2 3 4 |  4.6
Shields        | 1 2 3 4 |  4.6
Unarmed Combat | 1 2 3 4 |  4.6
Evocations     | 1 2 3 4 |  4.6
Conjurations   | 1 2 3 |  3.8
Hexes          | 1 2 3 |  3.8
Summonings     | 1 2 3 |  3.8
Necromancy     | 1 2 3 |  3.8
Translocations | 1 2 3 |  3.8
Fire Magic     | 1 2 3 |  3.8
Ice Magic      | 1 2 3 |  3.8
Air Magic      | 1 2 3 |  3.8
Poison Magic   | 1 2 3 |  3.8
Dodging        | 5 6 |  6.6
Stealth        | 5 6 |  6.3
Earth Magic    | 6 |  6.7

Action                   |  1- 3 |  4- 6 |  7- 9 || total
-------------------------+-------+-------+-------++-------
Melee: Whip              |     3 |       |       ||     3
       Unarmed           |       |    17 |       ||    17
       War axe           |       |    12 |    25 ||    37
       Dagger            |       |     1 |       ||     1
 Cast: Sandblast         |    35 |    84 |   110 ||   229
       Frozen Ramparts   |       |       |     1 ||     1
       Stone Arrow       |       |       |     3 ||     3
Invok: Slouch            |       |       |     2 ||     2
       Temporal Distorti |       |       |     1 ||     1
  Use: Potion            |       |       |     4 ||     4
       Scroll            |       |       |     2 ||     2
Armor: Robe              |     3 |    15 |     5 ||    23
       Skin              |       |     1 |       ||     1
       Leather armour    |       |       |    68 ||    68
Dodge: Dodged            |    10 |    64 |   143 ||   217

Table legend: (Time is in decaauts)
 A = Elapsed time spent in this place.
 B = Non-inter-level travel time spent in this place.
 C = Inter-level travel time spent in this place.
 D = Time resting spent in this place.
 E = Time spent auto-exploring this place.
 F = Levels seen in this place.
 G = Mean time per level.
                   A        B        C        D        E       F      G
               +--------+--------+--------+--------+--------+-----+--------+
         Total |  11098 |  10590 |    508 |   3332 |   5588 |   8 | 1387.2 |
       Dungeon |  11064 |  10570 |    494 |   3332 |   5571 |   7 | 1580.6 |
        Temple |     33 |     20 |     13 |      0 |     17 |   1 |   33.0 |
               +--------+--------+--------+--------+--------+-----+--------+

Top non-repeatable levels by time:
     D:5: 2568 daAuts
     D:6: 2026 daAuts
     D:2: 1784 daAuts
     D:4: 1576 daAuts
     D:3: 1363 daAuts
     D:1: 1307 daAuts
     D:7: 437 daAuts
  Temple: 33 daAuts
